 Dungeon Crawl Stone Soup version 0.22-a0-362-g535178c (webtiles) character file.

310 Kikal the Caller (level 6, 0/27 HPs)
             Began as a Felid Summoner on Apr 21, 2018.
             Was a Follower of Sif Muna.
             Slain by a killer bee (8 damage)
             ... on level 5 of the Dungeon.
             The game lasted 00:27:07 (7513 turns).

Kikal the Caller (Felid Summoner)                   Turns: 7513, Time: 00:27:08

Health: 0/27       AC:  2    Str:  4    XL:     6   Next: 17%
Magic:  5/11       EV: 18    Int: 18    God:    Sif Muna [*.....]
Gold:   225        SH:  2    Dex: 17    Spells: 1/11 levels left
                                        Lives:  0   Deaths: 1

rFire    . . .     SeeInvis +   (weapon unavailable)
rCold    . . .     Gourm    .   (shield unavailable)
rNeg     + . .     Faith    .   (armour unavailable)
rPois    .         Spirit   .   (helmet unavailable)
rElec    .         Reflect  +   (cloak unavailable)
rCorr    .         Harm     .   (gloves unavailable)
MR       .....                  (boots unavailable)
Stlth    +++.......             o - +2 amulet of reflection
HPRegen  0.09/turn              q - ring of positive energy
MPRegen  0.12/turn              (no ring)

@: lethally poisoned (0 -> -7), divine energy, quick
A: very small, no armour, no weapons or thrown items, stealth, claws 1, fangs 3,
see invisible, carnivore, speed 1, shaggy fur 2, slow metabolism 1, sharp paws
a: Stop Divine Energy, Renounce Religion


You were on level 5 of the Dungeon.
You worshipped Sif Muna.
Sif Muna was aware of your devotion.
You were completely stuffed.

You visited 1 branch of the dungeon, and saw 5 of its levels.

You collected 225 gold pieces.

Inventory:

Jewellery
 o - a +2 amulet of reflection (around neck)
 q - a ring of positive energy (left paw)
Scrolls
 a - a scroll of identify
 e - a scroll of vulnerability {unknown}
 g - 2 scrolls of immolation
 i - 6 scrolls of remove curse
 k - a scroll of blinking {unknown}
 m - a scroll of magic mapping {unknown}
 n - 2 scrolls of teleportation
 p - a scroll of enchant armour {unknown}
 s - a scroll of amnesia {unknown}
Potions
 d - a potion of curing
 f - a potion of flight
 h - 2 potions of degeneration
 j - a potion of brilliance
 l - 3 potions of mutation
 r - a potion of agility {unknown}
Comestibles
 b - 9 rations


   Skills:
 + Level 2.6 Fighting
 - Level 2.6 Dodging
 + Level 3.9 Stealth
 - Level 3.0 Spellcasting
 - Level 6.0 Summonings
 * Level 3.3 Air Magic


You had one spell level left.
You knew the following spells:

 Your Spells              Type           Power        Failure   Level  Hunger
a - Summon Small Mammal   Summ           ###.         1%          1    None
b - Call Imp              Summ           ###.....     1%          2    ##.....
c - Call Canine Familiar  Summ           ###.....     4%          3    ###....
d - Summon Lightning Spi  Summ/Air       ###.....     24%         4    ####...


Dungeon Overview and Level Annotations

Branches:
Dungeon (5/15)
 Temple: D:4-7

Altars:
Cheibriados
Dithmenos
Gozag
Sif Muna

Shops:
D:4 [

Annotations:
D:5 exclusion: centaur


Innate Abilities, Weirdness & Mutations

You cannot wear armour.
You are incapable of wielding weapons or throwing items.
Your paws allow you to move quietly. (Stealth)
You have sharp claws.
You have razor-sharp teeth.
You have supernaturally acute eyesight. (SInv)
You are carnivorous and can eat meat at any time.
You cover ground quickly.
You are covered in thick fur. (AC +2)
You have a slow metabolism.
Your sharp claws are effective at attacking unaware monsters.


Message History

The killer bee stings you.
You are poisoned.
The killer bee poisons you!
Your crimson imp misses the killer bee.
Your hound completely misses the killer bee.
You take 1 damage, and have 18/27 hp.
You completely miss the killer bee.
You feel sick. The killer bee completely misses you. The killer bee stings you.
Your hound bites the killer bee.
Your crimson imp misses the killer bee.
The quokka bites your hound.
You take 6 damage, and have 12/27 hp.
MASSIVE DAMAGE!!
You barely miss the killer bee.
You feel sick. The killer bee stings you.
Your hound misses the killer bee. The killer bee barely misses you.
The quokka bites your hound but does no damage.
Your crimson imp hits the killer bee.
Your hound bites the killer bee but does no damage.
You take 3 damage, and have 9/27 hp.
You miss the killer bee.
* * * LOW HITPOINT WARNING * * *
You feel sick. The killer bee stings you!
You die...

######.##
...[.....#############
......................
########.#............
#......#.###########
#.######...# .......
#........#.# #######
#..#####.#.# # #..@y#.#.# #
# #.##5h5#.# # #
#.##.#r#.#.#. #
###.##.#........ .
......#.#.#.#.. ..
#####.##.#>.....
...........#.#..
########.###.###########
###.........ยง.............


You could see a killer bee, a quokka, a friendly hound, a friendly crimson imp
and a friendly white imp.

Vanquished Creatures
  An ice beast (D:4)
  A worker ant (D:4)
  4 adders
  An ooze (D:5)
  An adder skeleton (D:5)
  A worm (D:4)
  A dart slug (D:1)
  3 leopard geckos
  2 orcs
  9 bats
  A giant cockroach (D:3)
  3 goblins
  A hobgoblin (D:3)
  2 jackals
  3 kobolds
  A quokka (D:3)
  3 ball pythons
  3 frilled lizards
  7 rats
48 creatures vanquished.

Vanquished Creatures (collateral kills)
  2 scorpions
  3 killer bees (D:5)
  2 jellies (D:5)
  2 crimson imps (D:5)
  2 hounds
  An orc wizard (D:3)
  Jessica (D:2)
  Natasha (twice) (D:4)
  A worker ant (D:4)
  5 gnolls
  5 adders
  An adder skeleton (D:4)
  2 worms
  A dart slug (D:1)
  3 leopard geckos (D:2)
  7 orcs
  2 giant cockroaches
  5 hobgoblins
  4 jackals
  3 ball pythons
  A bat (D:2)
  3 goblins
  A jackal skeleton (D:4)
  A kobold (D:3)
60 creatures vanquished.

Grand Total: 108 creatures vanquished

Notes
Turn   | Place    | Note
-------+----------+-------------------------------------------
     0 | D:1      | Kikal the Felid Summoner began the quest for the Orb.
     0 | D:1      | Reached XP level 1. HP: 7/7 MP: 4/4
   169 | D:1      | Reached XP level 2. HP: 10/11 MP: 6/6
   470 | D:1      | Learned a level 2 spell: Call Imp
  1063 | D:2      | Found a shadowy altar of Dithmenos.
  1364 | D:2      | Reached XP level 3. HP: 14/14 MP: 3/7
  1428 | D:2      | Found a deep blue altar of Sif Muna.
  1447 | D:2      | Became a worshipper of Sif Muna the Loreminder
  1551 | D:2      | Learned a level 3 spell: Call Canine Familiar
  1616 | D:2      | Noticed Jessica
  1625 | D:2      | Reached skill level 5 in Summonings
  1631 | D:2      | Killed Jessica
  1664 | D:2      | Reached XP level 4. HP: 15/18 MP: 4/9
  4113 | D:4      | Found Laediaf's Antique Armour Emporium.
  4414 | D:4      | Found an opulent altar of Gozag.
  4542 | D:4      | Reached XP level 5. HP: 21/21 MP: 6/10
  4559 | D:4      | Learned a level 4 spell: Summon Lightning Spire
  4635 | D:4      | Noticed an ice beast
  4719 | D:4      | Found a snail-covered altar of Cheibriados.
  5062 | D:4      | Noticed Natasha
  5197 | D:4      | Reached skill level 1 in Fighting
  5197 | D:4      | Reached skill level 1 in Air Magic
  5351 | D:4      | Reached * piety under Sif Muna
  5426 | D:4      | Killed an ice beast
  5561 | D:4      | Gained mutation: You are covered in thick fur. (AC +2) [Felid growth]
  5561 | D:4      | Reached XP level 6. HP: 24/26 MP: 11/11
  5736 | D:4      | Killed Natasha
  6029 | D:4      | Noticed Natasha
  6034 | D:4      | Killed Natasha
  6158 | D:5      | Entered Level 5 of the Dungeon
  6659 | D:5      | Reached skill level 6 in Summonings
  6924 | D:5      | Slain by a killer bee
  6925 | D:5      | Reached XP level 5. HP: -1/23 MP: 1/10
  7265 | D:5      | Reached XP level 6. HP: 15/27 MP: 3/11
  7513 | D:5      | Slain by a killer bee

Vault maps used:
D:1:      sevenhm_arrival_forest_fort_large_4, hex_tiny
D:2:      overflow_temple_1_default, grunt_dithmenos_smoke_and_mirrors,
          uniq_jessica
D:3:      first_ration
D:4:      lemuel_doored_altar, cheibriados_altar_1, serial_shops,
          nicolae_shop_overgrown_old_shop, uniq_natasha
D:5:      nicolae_ru_path_of_blood, grunt_ministairs_1

Skill      XL: |  1  2  3  4  5  6 |
---------------+-------------------+-----
Summonings     | 5 6 |  6.0
Spellcasting   | 3 |  3.0
Stealth        | 3 |  3.9
Fighting       | 1 2 |  2.6
Air Magic      | 3 |  3.3
Dodging        | |  2.6

Action                   |  1- 3 |  4- 6 || total
-------------------------+-------+-------++-------
Melee: Unarmed           |    74 |   236 ||   310
       Bite              |     5 |    25 ||    30
 Cast: Call Imp          |    10 |    31 ||    41
       Summon Small Mamm |     2 |     1 ||     3
       Call Canine Famil |     1 |    24 ||    25
       Summon Lightning  |       |     7 ||     7
Invok: Divine Energy     |       |     1 ||     1
  Use: Scroll            |       |     8 ||     8
       Potion            |       |     2 ||     2
 Stab: Sleeping          |     5 |     5 ||    10
       Distracted        |       |     1 ||     1
  Eat: Chunk             |     9 |    22 ||    31
Armor: Skin              |     5 |    14 ||    19
Dodge: Dodged            |    69 |   200 ||   269
Block: Other             |       |     4 ||     4

Table legend:
 A = Spawn XP
 B = Non-spawn XP
 C = Spawn XP percentage of total XP
 D = Spawn monster count
 E = Non-spawn monster count
 F = Spawn count percentage of total count
 G = Total turns spent on level
                    A         B        C        D         E        F      G
               +---------+---------+-------+---------+---------+-------+---------
         Total |       0 |     746 |   0.0 |       0 |     108 |   0.0 |  7513
               +---------+---------+-------+---------+---------+-------+---------
           D:1 |       0 |      37 |   0.0 |       0 |      19 |   0.0 |  1171
           D:2 |       0 |      77 |   0.0 |       0 |      24 |   0.0 |  1210
           D:3 |       0 |      77 |   0.0 |       0 |      27 |   0.0 |  1964
           D:4 |       0 |     246 |   0.0 |       0 |      19 |   0.0 |  2086
           D:5 |       0 |     309 |   0.0 |       0 |      19 |   0.0 |  1082
               +---------+---------+-------+---------+---------+-------+---------
